 Dungeon Crawl Stone Soup version 0.31-a0-202-g547052bce9 (webtiles) character file.

Game seed: 10035451950609639467

174 qw the Skirmisher (level 5, -6/29 HPs)
             Began as a Deep Elf Hunter on June 25, 2023.
             Mangled by an iguana (7 damage)
             ... on level 4 of the Dungeon.
             The game lasted 00:00:57 (2351 turns).

qw the Skirmisher (Deep Elf Hunter)                 Turns: 2351, Time: 00:00:58

Health: -6/29      AC:  6    Str: 10    XL:     5   Next: 28%
Magic:  7/7        EV: 11    Int: 14    God:
Gold:   146        SH:  0    Dex: 18    Spells: 4/4 levels left

rFire   . . .        Y - +0 shortbow
rCold   . . .        (shield currently unavailable)
rNeg    . . .        j - +0 ring mail
rPois   .            (no helmet)
rElec   .            (no cloak)
rCorr   .            g - +0 pair of gloves
SInv    .            (no boots)
Will    .....        (no amulet)
Stlth   +            (no ring)
HPRegen 0.24/turn    (no ring)
MPRegen 0.10/turn

%: no passive effects
@: no status effects
A: no striking features
a: no special abilities


You were on level 4 of the Dungeon.
You visited 1 branch of the dungeon, and saw 4 of its levels.

You collected 146 gold pieces.


   Skills:
 - Level 1.5 Fighting
 + Level 8.8 Ranged Weapons
 - Level 2.4 Dodging
 - Level 1.2 Stealth


You had 4 spell levels left.
You didn't know any spells.
Your spell library was empty.

Inventory:

Hand Weapons
 Y - a +0 shortbow (weapon)
Armour
 g - a +0 pair of gloves (worn)
 j - a +0 ring mail (worn)
Scrolls
 i - a scroll of identify
Potions
 a - 3 potions of curing
 b - a potion of resistance {unknown}
 c - a potion of heal wounds {unknown}
 d - a potion of might
 e - a potion of mutation {unknown}
 f - a potion of enlightenment {unknown}
 h - a potion of haste {unknown}
 k - a potion of experience {unknown}

Dungeon Overview and Level Annotations

Branches:
Dungeon (4/15)
 Temple: D:4-7

Altars:
Qazlal
The Shining One

Annotations:
D:3 1 runed translucent door, qw's ghost, amateur DEHu


Message History

You feel sick. The adder bites you but does no damage.
You shoot an arrow. The arrow barely misses the adder.
You feel sick. The adder misses you. The adder closely misses you.
You shoot an arrow. The arrow hits the adder!
You kill the adder!
You feel sick.
You are no longer poisoned.
You start resting.
HP restored.
You see here an adder corpse.
An iguana comes into view.
Found a glowing golden altar of the Shining One.
The iguana hisses angrily.
The iguana moves out of view.
You shoot an arrow. The arrow hits the iguana.
The iguana is lightly wounded.
You shoot an arrow. The arrow hits the iguana.
The iguana is moderately wounded.
The iguana closely misses you.
You shoot an arrow. The arrow closely misses the iguana.
The iguana completely misses you.
You shoot an arrow. The arrow hits the iguana.
The iguana is heavily wounded.
The iguana bites you!
You shoot an arrow.
The arrow hits the iguana but does no damage.
The iguana is heavily wounded.
The iguana bites you!
You shoot an arrow. The arrow completely misses the iguana.
The iguana bites you. x2
You shoot an arrow. The arrow hits the iguana.
The iguana is severely wounded.
You hear the slow hiss of an avalanche of sand nearby.
The iguana bites you.
You shoot an arrow. The arrow hits the iguana.
The iguana is severely wounded.
The iguana bites you.
You shoot an arrow. The arrow completely misses the iguana.
The iguana bites you!
You die...

######....####
# #.....)..##
##......######
#...%...)....#
#
##...........#
.#
#..##....#####
... #. ###..#
.... .
#..######.....
#...##@l...._.
#.#.##.##.....
#.#%...# ...
#..#.### .
#..#..#
#...#..# ..#.
##.. #.### ##.
.. .


You could see an iguana.

Vanquished Creatures
  2 hounds (D:4)
  An orc wizard (D:3)
  A gnoll (D:1)
  2 adders
  A worm (D:2)
  3 dart slugs
  6 orcs
  6 bats
  3 endoplasms (D:3)
  A giant cockroach (D:2)
  A goblin (D:4)
  7 hobgoblins
  4 quokkas
  5 ball pythons
  2 frilled lizards
  2 kobolds
  2 rats
49 creatures vanquished.

Notes
Turn   | Place    | Note
-------+----------+-------------------------------------------
     0 | D:1      | qw the Deep Elf Hunter began the quest for the Orb.
     0 | D:1      | Reached XP level 1. HP: 12/12 MP: 3/3
     0 | D:1      | 0 ||| qw: Version: 0.3-a-22-g0ed2b0b
     0 | D:1      | 0 ||| qw: Game counter: 5709
     0 | D:1      | 0 ||| qw: Melee chars always use a shield: true
     0 | D:1      | 0 ||| qw: God list: Okawaru
     0 | D:1      | 0 ||| qw: Allow faded altars: false
     0 | D:1      | 0 ||| qw: Do Orc after clearing Dungeon:15 true
     0 | D:1      | 0 ||| qw: Do second Lair branch before Depths: true
     0 | D:1      | 0 ||| qw: Lair rune preference: random
     0 | D:1      | 0 ||| qw: Goals: Normal
     0 | D:1      | 0 ||| PLANNING D:1-11
   341 | D:1      | Reached XP level 2. HP: 16/16 MP: 4/4
   361 | D:1      | Reached skill level 6 in Ranged Weapons
   637 | D:1      | 637 ||| UPGRADING to +0 pair of gloves.
   642 | D:1      | 642 ||| READING scroll labelled ICWIAL GATRUR.
   643 | D:1      | 643 ||| READING scroll labelled EPINALEPSU.
   672 | D:1      | 672 ||| DRINKING 2 green potions.
   673 | D:1      | 673 ||| DRINKING 2 fuming clear potions.
   674 | D:1      | 674 ||| DROPPING scroll of butterflies.
   789 | D:2      | Reached XP level 3. HP: 20/20 MP: 5/5
   847 | D:2      | You fall into a shaft and drop 1 floor!
   916 | D:3      | HP: 5/20 [orc wizard/magic dart (8)]
   919 | D:3      | 919 ||| DRINKING potion of curing.
   919 | D:3      | 919 ||| (to cure confusion)
   921 | D:3      | Reached skill level 7 in Ranged Weapons
   980 | D:3      | Found a stormy altar of Qazlal.
   999 | D:3      | Noticed qw's ghost (amateur DEHu)
  1000 | D:3      | Found a runed translucent door.
  1038 | D:3      | Reached XP level 4. HP: 25/25 MP: 6/6
  1041 | D:3      | 1041 ||| UPGRADING to +0 scale mail.
  1051 | D:3      | 1051 ||| DROPPING +0 leather armour.
  1052 | D:3      | 1052 ||| READING scroll labelled MYOPLA ZICOLUN.
  1053 | D:3      | 1053 ||| READING scroll labelled TIEVVY VUIHEGG.
  1356 | D:2      | Identified the +0 whip "Demonslayer" {protect, Str+3}
  1546 | D:2      | 1546 ||| UPGRADING to +0 ring mail.
  1556 | D:2      | 1556 ||| DROPPING +0 scale mail.
  1557 | D:2      | 1557 ||| READING 2 scrolls labelled WYUR YDWEIMPAE.
  1638 | D:3      | 1638 ||| FLEEEEING.
  1639 | D:3      | 1639 ||| FLEEEEING.
  1640 | D:3      | 1640 ||| FLEEEEING.
  1641 | D:3      | 1641 ||| FLEEEEING.
  1642 | D:3      | 1642 ||| FLEEEEING.
  1643 | D:3      | 1643 ||| FLEEEEING.
  1644 | D:3      | 1644 ||| FLEEEEING.
  1645 | D:3      | 1645 ||| FLEEEEING.
  1650 | D:3      | 1650 ||| FLEEEEING.
  1651 | D:3      | 1651 ||| FLEEEEING.
  1652 | D:3      | 1652 ||| FLEEEEING.
  1653 | D:3      | 1653 ||| FLEEEEING.
  1654 | D:3      | 1654 ||| FLEEEEING.
  1655 | D:3      | 1655 ||| FLEEEEING.
  1656 | D:3      | 1656 ||| FLEEEEING.
  1657 | D:3      | 1657 ||| FLEEEEING.
  1658 | D:3      | 1658 ||| FLEEEEING.
  1659 | D:3      | 1659 ||| FLEEEEING.
  1660 | D:3      | 1660 ||| FLEEEEING.
  1661 | D:3      | 1661 ||| FLEEEEING.
  1662 | D:3      | 1662 ||| FLEEEEING.
  1665 | D:3      | 1665 ||| STAIRDANCE
  1709 | D:2      | 1709 ||| READING scroll labelled ICVOLO FUCHU.
  2205 | D:3      | 2205 ||| READING 3 scrolls labelled RONADDOZAKO.
  2206 | D:3      | 2206 ||| DROPPING 2 scrolls of fear.
  2255 | D:4      | 2255 ||| PLANNING OSSUARY
  2261 | D:4      | Reached skill level 8 in Ranged Weapons
  2275 | D:4      | Reached XP level 5. HP: 29/29 MP: 7/7
  2341 | D:4      | Found a glowing golden altar of the Shining One.
  2349 | D:4      | HP: 6/29 [iguana (3)]
  2350 | D:4      | HP: 1/29 [iguana (5)]
  2351 | D:4      | Mangled by an iguana

Levels and vault maps discovered:
D:1:      evilmike_arrival_rings, layout_basic
D:2:      layout_loops_cross
D:3:      layout_basic, mainiacjoe_overflow_cross_hatched,
          hellmonk_ghost_happy_afterlife
D:4:      layout_rooms, pdpol_wu_jian_five_deadly_venoms,
          nicolae_overflow_crystal_walls, serial_curves, eino_curves_02,
          eino_curves_04, nicolae_ossuary_entry_monument, serial_shops, shop,
          minmay_misc_feat_five, hellmonk_no_cap

Skill      XL: |  1  2  3  4 |
---------------+-------------+-----
Ranged Weapons | 6 7 8 |  8.8
Fighting       | |  1.5
Dodging        | |  2.4
Stealth        | |  1.2

Action                     |  1- 3 |  4- 6 || total
---------------------------+-------+-------++-------
   Fire: Shortbow          |    81 |   106 ||   187
    Use: Potion            |     3 |       ||     3
         Scroll            |     2 |     5 ||     7
 Armour: Leather armour    |     5 |       ||     5
         Ring mail         |       |    17 ||    17
         Scale mail        |       |     6 ||     6
  Dodge: Dodged            |    12 |    35 ||    47

Table legend:
 A = Non-vault XP
 B = Vault XP
 C = Vault XP percentage of total XP
 D = Non-vault monster count
 E = Vault monster count
 F = Vault count percentage of total count
                 A         B        C        D         E       F
            +---------+---------+-------+---------+---------+-------
      Total |     249 |       0 |   0.0 |      49 |       0 |   0.0
            +---------+---------+-------+---------+---------+-------
        D:1 |      30 |       0 |   0.0 |      10 |       0 |   0.0
        D:2 |      37 |       0 |   0.0 |      12 |       0 |   0.0
        D:3 |      76 |       0 |   0.0 |      20 |       0 |   0.0
        D:4 |     106 |       0 |   0.0 |       7 |       0 |   0.0
            +---------+---------+-------+---------+---------+-------
